[ AOE2 MATCH · #504679026 ]
UnrankedDravidians vs Aztecs
Player's team · LOSS
Rival team · WIN
[ REPLAY ANALYSIS · EXTRACTED FROM THE RECORDED GAME ]
Feudal
8:50
Castle
25:11
Imperial
—
| APM avg | 53.6 |
| APM peak | 79 |
| eAPM avg | 22.2 |
| Villagers / military | 114 / 70 |
Focus
⚔️ 35.9% · 🌾 64.1%
Elephant Archer ×26 · Archer ×21 · Skirmisher ×20 · Militia ×3
Feudal
8:50
Castle
24:12
Imperial
—
| APM avg | 48.6 |
| APM peak | 79 |
| eAPM avg | 25.0 |
| Villagers / military | 74 / 85 |
Focus
⚔️ 39.4% · 🌾 60.6%
Eagle Scout ×34 · Monk ×25 · Skirmisher ×18 · Militia ×4 · Battering Ram ×3 · Spearman ×1
Match map
Initial resources + every placement click. Lines = walls · curves = elevation contours. ◆ gold · ⬟ stone · ● berries · ✦ relic · ◌ wall gap
Your base· Open — opponent sealed themselves in
URU | KING RICO's base· ✓ Closed at 24:12 · 67t walls · 2 gate(s)
Smoothed initial terrain · ◌ = detected wall gap · hover for details
Inputs per minute
— ROI - - URU | KING RICO
Build order — ROI
First 150 of 310 actions detected
| 0:00 | Queue | Villager (Male) |
| 0:00 | Queue | Villager (Male) |
| 0:01 | Queue | Villager (Male) |
| 0:02 | Build | House |
| 0:03 | Build | House |
| 0:05 | Queue | Villager (Male) |
| 1:25 | Queue | Villager (Male) |
| 1:44 | Build | Lumber Camp |
| 2:02 | Queue | Villager (Male) |
| 2:16 | Queue | Villager (Male) |
| 2:45 | Queue | Villager (Male) |
| 3:02 | Queue | Villager (Male) |
| 3:29 | Queue | Villager (Male) |
| 3:45 | Queue | Villager (Male) |
| 3:51 | Build | House |
| 3:53 | Build | House |
| 4:12 | Queue | Villager (Male) |
| 4:36 | Queue | Villager (Male) |
| 4:56 | Queue | Villager (Male) |
| 4:56 | Queue | Villager (Male) |
| 5:12 | Build | Barracks |
| 5:39 | Research | Loom |
| 6:36 | Research | Feudal Age |
| 6:44 | Build | Mining Camp |
| 7:14 | Queue | Militia |
| 7:29 | Build | House |
| 7:29 | Build | Palisade Wall |
| 7:36 | Queue | Militia |
| 7:55 | Queue | Villager (Male) |
| 7:58 | Build | Palisade Wall |
| 7:59 | Build | Palisade Wall |
| 8:03 | Queue | Militia |
| 8:50 | Build | Palisade Wall |
| 8:50 | Age | Feudal Age |
| 8:52 | Build | Palisade Wall |
| 8:53 | Build | Palisade Wall |
| 8:54 | Build | Palisade Wall |
| 8:59 | Queue | Villager (Male) |
| 9:02 | Build | Archery Range |
| 9:03 | Queue | Villager (Male) |
| 9:15 | Research | Man-at-Arms (upgrade) |
| 9:17 | Queue | Villager (Male) |
| 9:31 | Build | House |
| 9:49 | Queue | Archer |
| 9:58 | Queue | Villager (Male) |
| 9:58 | Queue | Villager (Male) |
| 9:59 | Queue | Villager (Male) |
| 10:20 | Build | House |
| 10:37 | Queue | Villager (Male) |
| 10:38 | Queue | Villager (Male) |
| 10:48 | Queue | Archer |
| 10:52 | Build | Mill |
| 10:53 | Queue | Archer |
| 11:51 | Build | Farm |
| 12:03 | Queue | Archer |
| 12:07 | Queue | Archer |
| 12:15 | Build | Farm |
| 12:16 | Build | Farm |
| 12:27 | Queue | Skirmisher |
| 12:32 | Build | Farm |
| 12:34 | Build | Farm |
| 12:39 | Build | Palisade Wall |
| 12:41 | Queue | Villager (Male) |
| 12:45 | Queue | Skirmisher |
| 12:56 | Build | Farm |
| 12:59 | Build | Farm |
| 13:10 | Queue | Villager (Male) |
| 13:13 | Build | Blacksmith |
| 13:15 | Build | Palisade Wall |
| 13:17 | Queue | Villager (Male) |
| 13:22 | Build | Farm |
| 13:28 | Build | House |
| 13:30 | Queue | Skirmisher |
| 13:34 | Queue | Villager (Male) |
| 13:42 | Build | House |
| 13:58 | Queue | Villager (Male) |
| 14:08 | Build | Farm |
| 14:12 | Build | Palisade Wall |
| 14:13 | Build | Palisade Wall |
| 14:17 | Queue | Villager (Male) |
| 14:22 | Queue | Skirmisher |
| 14:28 | Research | Fletching |
| 14:35 | Queue | Skirmisher |
| 14:43 | Queue | Skirmisher |
| 15:10 | Queue | Skirmisher |
| 15:18 | Queue | Villager (Male) |
| 15:26 | Queue | Villager (Male) |
| 15:31 | Queue | Villager (Male) |
| 15:39 | Build | Farm |
| 15:41 | Build | Farm |
| 15:42 | Build | Farm |
| 15:45 | Build | Palisade Wall |
| 15:58 | Queue | Skirmisher |
| 16:06 | Queue | Villager (Male) |
| 16:07 | Build | Farm |
| 16:25 | Queue | Villager (Male) |
| 16:31 | Build | Farm |
| 16:39 | Build | House |
| 16:55 | Queue | Villager (Male) |
| 16:55 | Queue | Skirmisher |
| 17:05 | Build | House |
| 17:16 | Queue | Skirmisher |
| 17:24 | Queue | Villager (Male) |
| 17:27 | Build | Farm |
| 17:43 | Queue | Villager (Male) |
| 17:56 | Queue | Villager (Male) |
| 18:05 | Queue | Skirmisher |
| 18:12 | Queue | Villager (Male) |
| 18:21 | Build | Archery Range |
| 18:30 | Queue | Skirmisher |
| 18:33 | Build | House |
| 18:41 | Queue | Villager (Male) |
| 18:45 | Research | Padded Archer Armor |
| 18:47 | Queue | Skirmisher |
| 18:52 | Build | House |
| 19:03 | Research | Wheelbarrow |
| 19:06 | Queue | Skirmisher |
| 19:09 | Queue | Villager (Male) |
| 19:20 | Research | Double-Bit Axe |
| 19:31 | Queue | Villager (Male) |
| 19:36 | Build | Farm |
| 19:39 | Queue | Villager (Male) |
| 19:51 | Queue | Villager (Male) |
| 19:54 | Build | House |
| 19:55 | Build | House |
| 19:59 | Queue | Villager (Male) |
| 20:01 | Build | Lumber Camp |
| 20:11 | Queue | Villager (Male) |
| 20:13 | Queue | Skirmisher |
| 20:20 | Build | Farm |
| 20:30 | Queue | Villager (Male) |
| 20:33 | Build | Farm |
| 20:35 | Queue | Villager (Male) |
| 20:37 | Build | Farm |
| 20:39 | Build | Farm |
| 20:49 | Queue | Villager (Male) |
| 20:58 | Build | Farm |
| 21:15 | Queue | Villager (Male) |
| 21:18 | Queue | Archer |
| 21:38 | Queue | Archer |
| 21:39 | Queue | Villager (Male) |
| 21:42 | Build | Market |
| 21:48 | Queue | Archer |
| 21:54 | Queue | Villager (Male) |
| 22:02 | Queue | Archer |
| 22:04 | Build | Lumber Camp |
| 22:08 | Build | Farm |
| 22:13 | Queue | Archer |
| 22:31 | Research | Castle Age |
| 22:40 | Queue | Villager (Male) |
Build order — URU | KING RICO
First 150 of 278 actions detected
| 0:00 | Queue | Villager (Male) |
| 0:01 | Build | House |
| 0:02 | Build | House |
| 0:06 | Queue | Villager (Male) |
| 0:06 | Queue | Villager (Male) |
| 0:11 | Queue | Villager (Male) |
| 0:11 | Queue | Villager (Male) |
| 1:22 | Queue | Villager (Male) |
| 1:22 | Queue | Villager (Male) |
| 1:44 | Queue | Villager (Male) |
| 2:17 | Queue | Villager (Male) |
| 2:21 | Build | Lumber Camp |
| 2:38 | Queue | Villager (Male) |
| 2:38 | Queue | Villager (Male) |
| 3:08 | Queue | Villager (Male) |
| 3:27 | Build | House |
| 3:42 | Queue | Villager (Male) |
| 3:42 | Queue | Villager (Male) |
| 3:43 | Queue | Villager (Male) |
| 4:17 | Build | House |
| 4:35 | Research | Loom |
| 4:35 | Queue | Villager (Male) |
| 4:35 | Queue | Villager (Male) |
| 4:38 | Queue | Villager (Male) |
| 5:32 | Build | Barracks |
| 5:38 | Build | House |
| 5:48 | Queue | Villager (Male) |
| 6:40 | Research | Feudal Age |
| 6:40 | Research | Feudal Age |
| 6:52 | Queue | Militia |
| 6:52 | Queue | Militia |
| 7:02 | Build | Palisade Wall |
| 7:09 | Build | Mill |
| 7:16 | Queue | Militia |
| 7:16 | Queue | Militia |
| 7:55 | Queue | Villager (Male) |
| 8:50 | Age | Feudal Age |
| 8:52 | Research | Man-at-Arms (upgrade) |
| 9:04 | Queue | Villager (Male) |
| 9:10 | Build | Archery Range |
| 9:12 | Build | Palisade Wall |
| 9:16 | Build | Palisade Wall |
| 9:18 | Build | Palisade Wall |
| 9:20 | Build | Palisade Wall |
| 9:29 | Queue | Villager (Male) |
| 9:50 | Build | Palisade Wall |
| 9:52 | Build | Palisade Wall |
| 9:53 | Build | Palisade Wall |
| 9:54 | Build | Palisade Wall |
| 10:05 | Build | House |
| 10:08 | Queue | Villager (Male) |
| 10:12 | Queue | Skirmisher |
| 10:27 | Queue | Spearman |
| 10:31 | Build | House |
| 10:33 | Build | Palisade Wall |
| 10:34 | Build | Palisade Wall |
| 10:38 | Build | Palisade Wall |
| 11:08 | Queue | Villager (Male) |
| 11:09 | Queue | Villager (Male) |
| 11:10 | Build | Farm |
| 11:10 | Build | Farm |
| 11:10 | Build | Farm |
| 11:11 | Build | Farm |
| 11:11 | Build | Farm |
| 11:16 | Queue | Skirmisher |
| 11:31 | Queue | Villager (Male) |
| 11:40 | Queue | Villager (Male) |
| 11:47 | Build | Farm |
| 11:50 | Build | Farm |
| 11:51 | Queue | Skirmisher |
| 12:03 | Build | House |
| 12:13 | Queue | Skirmisher |
| 12:44 | Queue | Villager (Male) |
| 12:45 | Build | Farm |
| 12:48 | Queue | Skirmisher |
| 12:48 | Queue | Villager (Male) |
| 12:54 | Build | Farm |
| 13:05 | Build | Farm |
| 13:07 | Queue | Villager (Male) |
| 13:10 | Queue | Skirmisher |
| 13:15 | Research | Town Watch |
| 13:26 | Queue | Skirmisher |
| 13:27 | Queue | Villager (Male) |
| 13:51 | Queue | Skirmisher |
| 13:52 | Queue | Villager (Male) |
| 14:02 | Build | House |
| 14:04 | Build | Palisade Wall |
| 14:19 | Build | Blacksmith |
| 14:23 | Queue | Villager (Male) |
| 14:25 | Build | House |
| 14:31 | Queue | Skirmisher |
| 14:32 | Queue | Villager (Male) |
| 14:48 | Queue | Villager (Male) |
| 14:51 | Queue | Skirmisher |
| 14:52 | Queue | Skirmisher |
| 15:04 | Queue | Villager (Male) |
| 15:10 | Research | Fletching |
| 15:17 | Queue | Villager (Male) |
| 15:20 | Queue | Skirmisher |
| 15:22 | Build | House |
| 15:42 | Queue | Villager (Male) |
| 15:46 | Research | Padded Archer Armor |
| 15:49 | Build | Lumber Camp |
| 16:18 | Queue | Villager (Male) |
| 16:35 | Queue | Skirmisher |
| 16:41 | Queue | Villager (Male) |
| 16:49 | Build | Palisade Gate |
| 16:53 | Queue | Villager (Male) |
| 16:56 | Build | House |
| 17:02 | Queue | Skirmisher |
| 17:11 | Build | House |
| 17:13 | Build | House |
| 17:16 | Queue | Villager (Male) |
| 17:44 | Queue | Villager (Male) |
| 17:48 | Build | Mining Camp |
| 17:54 | Build | Farm |
| 17:54 | Build | Farm |
| 17:55 | Build | Farm |
| 17:55 | Build | Farm |
| 17:55 | Build | Farm |
| 18:01 | Queue | Villager (Male) |
| 18:18 | Build | Palisade Wall |
| 18:22 | Build | Palisade Wall |
| 18:26 | Queue | Skirmisher |
| 18:47 | Queue | Skirmisher |
| 19:07 | Build | House |
| 19:08 | Build | Palisade Wall |
| 19:15 | Queue | Villager (Male) |
| 19:37 | Build | Farm |
| 19:41 | Build | Farm |
| 19:42 | Build | Farm |
| 19:44 | Build | Farm |
| 19:47 | Build | Farm |
| 19:50 | Queue | Villager (Male) |
| 20:04 | Build | Palisade Gate |
| 20:25 | Build | House |
| 20:34 | Build | House |
| 20:36 | Build | Palisade Wall |
| 20:40 | Build | House |
| 20:53 | Build | House |
| 21:11 | Build | Palisade Gate |
| 21:19 | Build | Palisade Gate |
| 21:20 | Build | House |
| 21:25 | Build | Palisade Wall |
| 21:32 | Research | Castle Age |
| 21:32 | Research | Castle Age |
| 21:55 | Build | Palisade Wall |
| 22:00 | Research | Horse Collar |
| 22:13 | Build | Farm |
| 22:13 | Build | Farm |
Match timeline
| 5:12 | ROI · first_building Barracks |
| 5:32 | URU | KING RICO · first_building Barracks |
| 7:02 | URU | KING RICO · wall_segment Palisade Wall x1 |
| 7:29 | ROI · wall_segment Palisade Wall x1 |
| 7:58 | ROI · wall_segment Palisade Wall x1 |
| 7:59 | ROI · wall_segment Palisade Wall x1 |
| 8:50 | ROI · wall_segment Palisade Wall x1 |
| 8:50 | URU | KING RICO · age_up feudal |
| 8:50 | ROI · age_up feudal |
| 8:52 | ROI · wall_segment Palisade Wall x1 |
| 8:53 | ROI · wall_segment Palisade Wall x1 |
| 8:54 | ROI · wall_segment Palisade Wall x1 |
| 9:02 | ROI · first_building Archery Range |
| 9:10 | URU | KING RICO · first_building Archery Range |
| 9:12 | URU | KING RICO · wall_segment Palisade Wall x1 |
| 9:16 | URU | KING RICO · wall_segment Palisade Wall x5 |
| 9:18 | URU | KING RICO · wall_segment Palisade Wall x1 |
| 9:20 | URU | KING RICO · wall_segment Palisade Wall x3 |
| 9:50 | URU | KING RICO · wall_segment Palisade Wall x1 |
| 9:52 | URU | KING RICO · wall_segment Palisade Wall x1 |
| 9:53 | URU | KING RICO · wall_segment Palisade Wall x1 |
| 9:54 | URU | KING RICO · wall_segment Palisade Wall x1 |
| 10:33 | URU | KING RICO · wall_segment Palisade Wall x1 |
| 10:34 | URU | KING RICO · wall_segment Palisade Wall x1 |
| 10:38 | URU | KING RICO · wall_segment Palisade Wall x1 |
| 12:39 | ROI · wall_segment Palisade Wall x14 |
| 13:15 | ROI · wall_segment Palisade Wall x8 |
| 14:04 | URU | KING RICO · wall_segment Palisade Wall x7 |
| 14:12 | ROI · wall_segment Palisade Wall x1 |
| 14:13 | ROI · wall_segment Palisade Wall x1 |
| 15:45 | ROI · wall_segment Palisade Wall x2 |
| 18:18 | URU | KING RICO · wall_segment Palisade Wall x1 |
| 18:22 | URU | KING RICO · wall_segment Palisade Wall x14 |
| 19:08 | URU | KING RICO · wall_segment Palisade Wall x8 |
| 20:36 | URU | KING RICO · wall_segment Palisade Wall x1 |
| 21:25 | URU | KING RICO · wall_segment Palisade Wall x1 |
| 21:55 | URU | KING RICO · wall_segment Palisade Wall x1 |
| 22:30 | ROI · first_market_buy 100 food |
| 23:04 | URU | KING RICO · wall_segment Palisade Wall x1 |
| 23:15 | URU | KING RICO · wall_segment Palisade Wall x1 |
| 23:18 | URU | KING RICO · wall_segment Palisade Wall x14 |
| 23:43 | ROI · first_building Stable |
| 24:12 | URU | KING RICO · age_up castle |
| 25:11 | ROI · age_up castle |
| 25:59 | URU | KING RICO · first_building Monastery |
| 28:28 | URU | KING RICO · wall_segment Palisade Wall x1 |
| 28:30 | URU | KING RICO · wall_segment Palisade Wall x1 |
| 28:31 | ROI · wall_segment Palisade Wall x2 |
| 31:19 | ROI · wall_segment Palisade Wall x1 |
| 31:44 | ROI · wall_segment Palisade Wall x1 |
| 31:44 | ROI · wall_segment Palisade Wall x1 |
| 33:37 | URU | KING RICO · first_building Siege Workshop |
| 34:26 | ROI · first_market_sell 500 wood |
| 35:38 | ROI · first_building Castle |
| 36:27 | ROI · resign |
[ AI ANALYSIS · 1 CREDIT ]
What really happened in this match?
Wolo.gg analyzes every decision: build order, eco, micro, common mistakes by bracket. Personalized analysis on WhatsApp or Discord in 30 seconds.
Civ guide
Dravidians
Perfil
Jugador #974876